 Dungeon Crawl Stone Soup version 0.29.1-debian-1-gc3f1650bb9 (webtiles) character file.

Game seed: 2875835592522642504

134 Flugkiller the Magician (level 4, -5/30 HPs)
             Began as a Mummy Air Elementalist on Sept 13, 2022.
             Constricted to death by Grinder (7 damage)
             ... on level 4 of the Dungeon.
             The game lasted 00:04:02 (3348 turns).

Flugkiller the Magician (Mummy Air Elementalist)    Turns: 3348, Time: 00:04:03

Health: -5/30      AC:  4    Str: 11    XL:     4   Next: 95%
Magic:  2/10       EV:  9    Int: 16    God:
Gold:   205        SH:  0    Dex: 18    Spells: 8/11 levels left

rFire   x . .      SeeInvis .   c - +0 sling
rCold   + . .      Faith    +   (no shield)
rNeg    + + +      Spirit   .   a - +0 robe
rPois   ∞          Reflect  .   (no helmet)
rElec   .          Harm     .   g - +0 cloak
rCorr   .          Rampage  .   j - +0 pair of gloves
Will    .....                   (no boots)
Stlth   ++........              h - amulet of regeneration
HPRegen 0.90/turn               p - +6 ring of dexterity
MPRegen 0.12/turn               (no ring)

@: grasped by roots, constricted
A: cold resistance 1, negative energy resistance 3, torment resistance 2, heat
vulnerability 1, in touch with death 1, no potions, faith
a: no special abilities


You were on level 4 of the Dungeon.
You visited 1 branch of the dungeon, and saw 4 of its levels.

You collected 205 gold pieces.

Inventory:

Hand Weapons
 c - a +0 sling (weapon)
   (You found it on level 1 of the Dungeon)
 i - a +0 dagger
   (You found it on level 1 of the Dungeon)
Missiles
 o - a throwing net
Armour
 a - a +0 robe (worn)
 g - a +0 cloak (worn)
   (You found it on level 1 of the Dungeon)
 j - a +0 pair of gloves (worn)
   (You found it on level 2 of the Dungeon)
Jewellery
 h - an amulet of regeneration (around neck)
   (You found it on level 1 of the Dungeon)
 p - a +6 ring of dexterity (left hand)
   (You took it off a goblin on level 3 of the Dungeon)
Wands
 m - a wand of flame (27)
   (You found it on level 3 of the Dungeon)
Scrolls
 e - a scroll of fear
 f - a scroll of silence
 k - a scroll of amnesia
 l - a scroll of magic mapping
 r - a scroll of identify
 t - 3 scrolls of teleportation
 z - 2 scrolls of blinking


   Skills:
 - Level 1.5 Dodging
 - Level 1.5 Stealth
 - Level 4.0 Spellcasting
 + Level 2.4 Conjurations
 + Level 3.4 Air Magic


You had 8 spell levels left.
You knew the following spells:

 Your Spells              Type           Power      Damage    Failure   Level
a - Shock                 Conj/Air       48%        1d6       4%          1
b - Static Discharge      Conj/Air       24%        3-5/arc   8%          2

Your spell library contained the following spells:

 Spells                   Type           Power      Damage    Failure   Level
 Swiftness                Air            14%        N/A       12%         3
 Airstrike                Air            7%         2d(1-17)  38%         4
 Conjure Ball Lightning   Conj/Air       6%         3x3d6     100%        6
 Discord                  Hex            1%         N/A       100%        8
 Disjunction              Tloc           1%         N/A       100%        8


Dungeon Overview and Level Annotations

Branches:
Dungeon (4/15) Zot: 20637
 Temple: D:4-7

Altars:
Dithmenos
Qazlal

Shops:
D:3 [

Annotations:
D:3 exclusion: ogre
D:4 Grinder


Innate Abilities, Weirdness & Mutations

You are immune to poison.
Your flesh is cold resistant. (rC+)
You are immune to negative energy. (rN+++)
You are immune to unholy pain and torment.
You are vulnerable to heat. (rF-)
You are in touch with the powers of death.
You do not drink.
You have a special connection with the divine. (Faith)


Message History

A frilled lizard is nearby!
Casting: Shock (safe; 5% risk of failure)
Confirm with . or Enter, or press ? or * to list all spells.
Aiming: Shock (safe; 5% risk of failure)
Press: ? - help, Shift-Dir - straight line The zap hits the frilled lizard.
You kill the frilled lizard!
Casting: Shock (safe; 5% risk of failure)
Confirm with . or Enter, or press ? or * to list all spells.
You can't see any susceptible monsters within range! (Use Z to cast anyway.)
You now have 205 gold pieces (gained 11).
A ball python comes into view.
A ball python is nearby!
A ball python is nearby!
Casting: Shock (safe; 5% risk of failure)
Confirm with . or Enter, or press ? or * to list all spells.
Aiming: Shock (safe; 5% risk of failure)
Press: ? - help, Shift-Dir - straight line The zap hits the ball python.
You kill the ball python!
Casting: Shock (safe; 4% risk of failure)
Confirm with . or Enter, or press ? or * to list all spells.
You can't see any susceptible monsters within range! (Use Z to cast anyway.)
You see here a frilled lizard corpse.
You see here a ball python corpse.
A kobold comes into view.
It is wielding a +1 dagger of holy wrath.
A kobold is nearby!
A kobold is nearby!
Casting: Shock (safe; 4% risk of failure)
Confirm with . or Enter, or press ? or * to list all spells.
Aiming: Shock (safe; 4% risk of failure)
Press: ? - help, Shift-Dir - straight line, f - kobold
Aim: a kobold, wielding a +1 dagger of holy wrath and quivering stones (asleep, 100% to hit)
The zap hits the kobold.
You kill the kobold!
Casting: Shock (safe; 4% risk of failure)
Confirm with . or Enter, or press ? or * to list all spells.
You can't see any susceptible monsters within range! (Use Z to cast anyway.)
You see here a rat skeleton.
There is a stone staircase leading down here.
You climb downwards.
You hear the hiss of flowing sand.
There is an entrance to an ossuary on this level.
Hurry and find it before the portal is buried!
There is a stone staircase leading up here.
You don't have any unidentified items.
Unknown command.
You open the gate.
Found a shadowy altar of Dithmenos.
There is an open gate here.
Grinder comes into view.
She is carrying a wand of roots (9).
Grinder shouts!
Grinder hits you.
Casting: Shock (safe; 4% risk of failure)
Confirm with . or Enter, or press ? or * to list all spells.
Aiming: Shock (safe; 4% risk of failure)
Press: ? - help, Shift-Dir - straight line, f - you
Okay, then.
Grinder attacks as you move away! Grinder barely misses you.
Casting: Shock (safe; 4% risk of failure)
Confirm with . or Enter, or press ? or * to list all spells.
Aiming: Shock (safe; 4% risk of failure)
Press: ? - help, Shift-Dir - straight line
Okay, then.
Casting: Shock (safe; 4% risk of failure)
Confirm with . or Enter, or press ? or * to list all spells.
Grinder is struck by an arc of lightning.
Grinder is lightly wounded.
You are struck by an arc of lightning.
The lightning grounds out.
Grinder says, "Just stop there for a second..."
Grinder zaps a wand.
The roots erupt in riotous growth!
The grasping roots grab you!
Grinder is unaffected.
The grasping roots constrict you!
Casting: Static Discharge (safe; 8% risk of failure)
Confirm with . or Enter, or press ? or * to list all spells.
Grinder is struck by an arc of lightning.
Grinder is moderately wounded.
You are struck by an arc of lightning.
Grinder is struck by an arc of lightning.
Grinder is heavily wounded.
The lightning grounds out.
Grinder hits you. The grasping roots constrict you.
* * * LOW HITPOINT WARNING * * *
Casting: Static Discharge (safe; 8% risk of failure)
Confirm with . or Enter, or press ? or * to list all spells.
Grinder is struck by an arc of lightning.
Grinder is severely wounded.
You are struck by an arc of lightning.
* * * LOW HITPOINT WARNING * * *
The lightning grounds out.
Grinder hits you but does no damage. The grasping roots constrict you.
* * * LOW HITPOINT WARNING * * *
Casting: Static Discharge (safe; 8% risk of failure)
Confirm with . or Enter, or press ? or * to list all spells.
Grinder is struck by an arc of lightning.
Grinder is severely wounded.
You are struck by an arc of lightning.
* * * LOW HITPOINT WARNING * * *
The lightning grounds out.
Grinder hits you.
* * * LOW HITPOINT WARNING * * *
The grasping roots constrict you!
You die... # ###### #...... # #.P._.P.# #.P...P.# #.PPPPP.#

###.......#
#.###'''#
#.#@...#
#5###.# ###
#.# #.#
#.########
#..<.....#
########.#


You could see Grinder.

Vanquished Creatures
  Jessica (D:2)
  2 adders
  A worm (D:2)
  An orc (D:3)
  6 ball pythons
  5 bats
  7 endoplasms
  9 giant cockroaches
  5 goblins
  10 hobgoblins
  10 jackals
  4 kobolds
  2 quokkas (D:1)
  7 frilled lizards
  6 rats
76 creatures vanquished.

Notes
Turn   | Place    | Note
-------+----------+-------------------------------------------
     0 | D:1      | Flugkiller the Mummy Air Elementalist began the quest for
                  | the Orb.
     0 | D:1      | Reached XP level 1. HP: 13/13 MP: 4/4
   137 | D:1      | Reached skill level 3 in Spellcasting
   137 | D:1      | Reached skill level 1 in Conjurations
   436 | D:1      | Reached XP level 2. HP: 19/19 MP: 0/6
  1203 | D:1      | Found a faded altar of an unknown god.
  1357 | D:1      | Gained mutation: You are in touch with the powers of death.
                  | [Mummy growth]
  1357 | D:1      | Reached XP level 3. HP: 20/24 MP: 2/8
  1459 | D:2      | Found a stormy altar of Qazlal.
  1680 | D:2      | Learned a level 2 spell: Static Discharge
  1782 | D:2      | Reached skill level 4 in Spellcasting
  1946 | D:2      | Noticed Jessica
  1951 | D:2      | Killed Jessica
  1952 | D:2      | Reached XP level 4. HP: 30/30 MP: 3/10
  2584 | D:3      | Found a stormy altar of Qazlal.
  2649 | D:3      | Noticed an ogre
  2906 | D:3      | Found Kimusa's Armour Emporium.
  3340 | D:4      | Found a shadowy altar of Dithmenos.
  3343 | D:4      | Noticed Grinder
  3348 | D:4      | Constricted to death by Grinder

Illustrated notes

Levels and vault maps discovered:
D:1:      psy_arrival_statuary, layout_basic, dilly_ecumenical_altar_fadedgnrine
D:2:      layout_loops_corners, basic_altar, minmay_worlds_worst_comb,
          uniq_jessica
D:3:      layout_loops_ring, mainiacjoe_overflow_paths, serial_shops, shop
D:4:      layout_loops_ring, grunt_temple_overflow_open,
          mainiacjoe_overflow_alcove_4, temple_green,
          nicolae_ossuary_entry_monument, uniq_grinder

Skill      XL: |  1  2  3  4 |
---------------+-------------+-----
Spellcasting   | 3 4 |  4.0
Conjurations   | 1 2 |  2.4
Air Magic      | 3 |  3.4
Dodging        | |  1.5
Stealth        | |  1.5

Action                   |  1- 3 |  4- 6 || total
-------------------------+-------+-------++-------
 Fire: Sling             |    39 |       ||    39
 Cast: Shock             |    85 |    68 ||   153
       Static Discharge  |     1 |    11 ||    12
  Use: Scroll            |       |     6 ||     6
Armor: Robe              |    12 |     2 ||    14
Dodge: Dodged            |    36 |     9 ||    45
